 Dungeon Crawl Stone Soup version 0.20.0 (webtiles) character file.

344 Danakh the Chopper (level 6, -1/38 HPs)
             Began as a Tengu Warper on May 31, 2017.
             Slain by a bog mummy (14 damage)
             ... in an ossuary.
             The game lasted 00:08:42 (3630 turns).

Danakh the Chopper (Tengu Warper)                   Turns: 3630, Time: 00:08:42

Health: -1/38      AC:  6    Str: 18    XL:     6   Next: 58%
Magic:  10/10      EV: 10    Int: 14    God:
Gold:   192        SH:  0    Dex: 13    Spells: 7/9 levels left

rFire    . . .     SeeInvis +   a - +0 hand axe
rCold    . . .     Gourm    .   (no shield)
rNeg     . . .     Faith    .   i - +0 scale mail
rPois    .         Spirit   .   (helmet restricted)
rElec    .         Reflect  .   (no cloak)
rCorr    .         Harm     .   (no gloves)
MR       .....                  (boots unavailable)
Stlth    ..........             (no amulet)
Regen    0.2/turn               l - ring of see invisible
MPRegen  0.2/turn               (no ring)

@: mighty, slowed, very slow
A: beak, talons 3, able to fly 1
a: Fly


You were in an ossuary.
You were not hungry.

You visited 1 branch of the dungeon, and saw 4 of its levels.
You also visited: Ossuary.

You collected 192 gold pieces.

Inventory:

Hand Weapons
 a - a +0 hand axe (weapon)
Missiles
 e - 5 tomahawks of dispersal (quivered)
Armour
 b - a +0 leather armour
 i - a +0 scale mail (worn)
Jewellery
 l - a ring of see invisible (left hand)
 y - an uncursed ring of resist corrosion {unknown}
Wands
 r - a wand of clouds (4/9)
 z - a wand of polymorph (14/24)
Scrolls
 d - a scroll of blinking
 g - a scroll of fog {unknown}
 h - 3 scrolls of identify {unknown}
 k - a scroll of recharging {unknown}
 n - 4 scrolls of remove curse
 s - a scroll of enchant weapon {unknown}
 t - 2 scrolls of teleportation {unknown}
 u - 2 scrolls of amnesia {unknown}
 x - a scroll of enchant armour {unknown}
Books
 c - a book of Spatial Translocations

   Spells                             Type                      Level
   a - Blink                          Translocation                2
   b - Shroud of Golubria             Charms/Translocation         2
   c - Lesser Beckoning               Translocation                3
   d - Gell's Gravitas                Translocation                3
   e - Teleport Other                 Translocation                3
   f - Passage of Golubria            Translocation                4
Comestibles
 f - 3 bread rations
 p - 2 royal jellies


   Skills:
 + Level 3.9 Fighting
 * Level 5.3 Axes
 - Level 1.0 Throwing
 + Level 3.5 Armour
 - Level 2.1 Dodging
 - Level 2.0 Spellcasting
 - Level 2.4 Translocations


You had 7 spell levels left.
You knew the following spells:

 Your Spells              Type           Power        Failure   Level  Hunger
b - Blink                 Tloc           N/A          38%         2    ###....


Dungeon Overview and Level Annotations

Branches:
Dungeon (4/15)
 Temple: D:4-7

Altars:
Trog

Annotations:
D:4 Blork the orc


Innate Abilities, Weirdness & Mutations

You have a beak for a mouth.
You have claws for feet.
You can fly.


Message History

You slash the centaur zombie! You claw the centaur zombie!
The centaur zombie is heavily damaged.
The centaur zombie hits you.
You slash the centaur zombie! You peck the centaur zombie.
You destroy the centaur zombie!
You start resting.
You aren't carrying any potions.
As you read the scroll labeled HASKILLUMN, it crumbles to dust.
You feel blessed for a moment.
It was a scroll of remove curse.
You slash the bog mummy!
The bog mummy is heavily damaged.
A giant cockroach zombie comes into view.
You barely miss the bog mummy. You peck the bog mummy.
The bog mummy is almost destroyed.
The bog mummy points at you and mumbles some strange words.
You feel yourself slow down.
You barely miss the bog mummy.
The bog mummy is almost destroyed.
The bog mummy hits you!
You die...

##### ## #∩..# ≈≈#
#.∩.# ≈#≈# #@..#
M.≈≈
≈≈##+##+##M##.≈#≈≈#
.≈≈≈M≈≈≈≈≈Z≈≈..P#
#.≈.≈.≈.≈≈≈≈≈.#≈#
≈.≈P≈P≈P≈P≈P≈P#
##≈##≈#≈≈#≈≈≈## ≈≈
#≈##≈≈#### ≈ ≈≈
≈≈## #≈ #≈≈#


You could see a bog mummy and a giant cockroach zombie.

Vanquished Creatures
  2 centaur zombies (Ossuary)
  A bullfrog zombie (Ossuary)
  4 mummies (Ossuary)
  A worker ant (D:3)
  A killer bee zombie (Ossuary)
  2 worker ant zombies (Ossuary)
  A gnoll (D:1)
  3 adders
  An ooze (D:1)
  An adder zombie (Ossuary)
  2 worms (D:3)
  A dart slug (D:1)
  An orc (D:3)
  4 bats
  7 giant cockroaches
  9 goblins
  11 hobgoblins
  2 jackals (D:3)
  2 quokkas
  3 ball pythons
  2 frilled lizards
  A giant cockroach zombie (Ossuary)
  9 kobolds
  A leopard gecko zombie (Ossuary)
  4 rats
76 creatures vanquished.

Vanquished Creatures (others)
  A withered plant (Ossuary)
1 creature vanquished.

Grand Total: 77 creatures vanquished

Notes
Turn   | Place    | Note
-------+----------+-------------------------------------------
     0 | D:1      | Danakh the Tengu Warper began the quest for the Orb.
     0 | D:1      | Reached XP level 1. HP: 12/12 MP: 4/4
   203 | D:1      | Reached XP level 2. HP: 17/17 MP: 6/6
   232 | D:1      | Learned a level 2 spell: Blink
   532 | D:1      | Reached skill level 3 in Axes
   532 | D:1      | Reached XP level 3. HP: 9/22 MP: 7/7
  1354 | D:2      | Reached XP level 4. HP: 20/27 MP: 8/8
  1662 | D:2      | Found a bloodstained altar of Trog.
  2649 | D:3      | Reached skill level 4 in Axes
  2649 | D:3      | Gained mutation: You can fly. [Tengu growth]
  2649 | D:3      | Reached XP level 5. HP: 10/32 MP: 9/9
  3250 | D:4      | Noticed Blork the orc
  3302 | D:4      | Found a sand-covered staircase.
  3319 | Ossuary  | Entered an ossuary
  3581 | Ossuary  | Reached XP level 6. HP: 29/37 MP: 10/10
  3591 | Ossuary  | Reached skill level 5 in Axes
  3630 | Ossuary  | Slain by a bog mummy

Skill      XL: |  1  2  3  4  5  6 |
---------------+-------------------+-----
Axes           | 3 4 5 |  5.3
Armour         | 2 3 |  3.5
Fighting       | 3 |  3.9
Throwing       | |  1.0
Dodging        | |  2.1
Spellcasting   | |  2.0
Translocations | |  2.4

Action                   |  1- 3 |  4- 6 || total
-------------------------+-------+-------++-------
Melee: Hand axe          |    90 |   209 ||   299
       Kick              |    13 |    49 ||    62
       Peck              |    14 |    24 ||    38
  Use: Potion            |       |     5 ||     5
       Scroll            |       |     1 ||     1
 Stab: Distracted        |     1 |       ||     1
       Invisible         |       |     4 ||     4
  Eat: Chunk             |     1 |     6 ||     7
       Meat ration       |       |     1 ||     1
Armor: Scale mail        |    39 |    76 ||   115
Dodge: Dodged            |    44 |    83 ||   127
